 Dungeon Crawl Stone Soup version 0.31-a0-167-g1c394c0614 (webtiles) character file.

Game seed: 4354572731495466628

11 qw the Shooter (level 2, -1/17 HPs)
             Began as a Gargoyle Hunter on June 14, 2023.
             Slain by a quokka (4 damage)
             ... on level 1 of the Dungeon.
             The game lasted 00:00:04 (94 turns).

qw the Shooter (Gargoyle Hunter)                      Turns: 94, Time: 00:00:05

Health: -1/17      AC:  5    Str: 14    XL:     2   Next: 25%
Magic:  2/2        EV: 11    Int:  9    God:
Gold:   17         SH:  0    Dex: 13    Spells: 1/1 levels left

rFire   . . .        a - +0 shortbow
rCold   . . .        (shield currently unavailable)
rNeg    + . .        c - +0 leather armour
rPois   inf          (no helmet)
rElec   +            (no cloak)
rCorr   .            (no gloves)
SInv    .            (no boots)
Will    .....        (no amulet)
Stlth   +            (no ring)
HPRegen 0.22/turn    (no ring)
MPRegen 0.08/turn

%: no passive effects
@: no status effects
A: sickness immunity, AC +2, negative energy resistance 1, electricity
resistance, torment resistance 1, petrification resistance
a: no special abilities


You were on level 1 of the Dungeon.
You visited 1 branch of the dungeon, and saw 1 of its levels.

You collected 17 gold pieces.


Innate Abilities, Weirdness & Mutations

You are immune to sickness and miasma.
Your stone body is resilient. (AC +2)
You are immune to poison.
You resist negative energy. (rN+)
You are resistant to electric shocks. (rElec)
You are resistant to unholy torment.
You are immune to petrification.


   Skills:
 - Level 2.1 Fighting
 + Level 4.5 Ranged Weapons
 - Level 1.5 Dodging
 - Level 1.1 Stealth


You had one spell level left.
You didn't know any spells.
Your spell library was empty.

Inventory:

Hand Weapons
 a - a +0 shortbow (weapon)
Armour
 c - a +0 leather armour (worn)
Scrolls
 b - a scroll of butterflies
Potions
 d - a potion of attraction {unknown}

Dungeon Overview and Level Annotations

Branches:
Dungeon (1/15)

Altars:


Message History

You shoot an arrow. The arrow hits the kobold.
You kill the kobold!
The jackal bites you but does no damage. x2
The hobgoblin hits you.
You have reached level 2!
You shoot an arrow. The arrow misses the jackal.
The jackal barely misses you. The quokka bites you. The hobgoblin hits you.
The jackal closely misses you.
You shoot an arrow. The arrow hits the jackal.
The jackal is severely wounded.
A jackal comes into view.
The quokka bites you but does no damage.
The jackal barely misses you.
The hobgoblin hits you but does no damage.
The quokka barely misses you.
The jackal moves out of view.
You shoot an arrow. The arrow hits the jackal.
You kill the jackal!
The hobgoblin barely misses you.
A rat comes into view.
The quokka barely misses you.
You shoot an arrow. The arrow hits the hobgoblin.
The hobgoblin is severely wounded.
The quokka bites you. The hobgoblin misses you.
The quokka bites you but does no damage.
You shoot an arrow. The arrow closely misses the hobgoblin.
The goblin completely misses you. The hobgoblin completely misses you.
The quokka bites you but does no damage.
The goblin hits you but does no damage. The hobgoblin closely misses you.
You shoot an arrow. The arrow hits the hobgoblin.
You kill the hobgoblin!
The quokka closely misses you. The goblin hits you with a +0 dagger.
The quokka closely misses you.
You shoot an arrow. The arrow hits the endoplasm!
You kill the endoplasm!
The quokka bites you but does no damage.
The goblin hits you but does no damage.
You shoot an arrow.
The arrow hits the quokka but does no damage.
The quokka bites you.
You die...

.# . .. . . .#..
..#. #.. #.# ##
##.## ..#
#gr.#####.. #
#@#....##.## )#.
#rgr.####.##..#....
#r#### #.##....# #.
#....# #. ###..##
.. #...# . ##..#
#..# #..###


You could see a quokka, a hobgoblin, a goblin and 3 rats.

Vanquished Creatures
  2 endoplasms (D:1)
  2 hobgoblins (D:1)
  A jackal (D:1)
  A bat (D:1)
  A frilled lizard (D:1)
  2 kobolds (D:1)
  A rat (D:1)
10 creatures vanquished.

Notes
Turn   | Place    | Note
-------+----------+-------------------------------------------
     0 | D:1      | qw the Gargoyle Hunter began the quest for the Orb.
     0 | D:1      | Reached XP level 1. HP: 12/12 MP: 1/1
     0 | D:1      | 0 ||| qw: Version: 0.2-a-29-g1fa15c8
     0 | D:1      | 0 ||| qw: Game counter: 4986
     0 | D:1      | 0 ||| qw: Always use a shield: true
     0 | D:1      | 0 ||| qw: God list: Okawaru
     0 | D:1      | 0 ||| qw: Allow faded altars: false
     0 | D:1      | 0 ||| qw: Do Orc after D:15 true
     0 | D:1      | 0 ||| qw: Do second Lair branch before Depths: true
     0 | D:1      | 0 ||| qw: Lair rune preference: random
     0 | D:1      | 0 ||| qw: Plans: Normal, Zot:1-4, Slime:5, God:TSO, Crypt,
                  | Tomb, Abyss, Pan, Hells, Win
     0 | D:1      | 0 ||| PLANNING D:1-11
    87 | D:1      | Reached XP level 2. HP: 10/17 MP: 2/2
    92 | D:1      | HP: 2/17 [goblin/+0 dagger (3)]
    94 | D:1      | Slain by a quokka

Levels and vault maps discovered:
D:1:      dpeg_arrival_erosion, layout_rooms, minmay_pentomino_x4

Action                     || total
---------------------------++-------
   Fire: Shortbow          ||    30
 Armour: Leather armour    ||    12
  Dodge: Dodged            ||    15

Table legend:
 A = Non-vault XP
 B = Vault XP
 C = Vault XP percentage of total XP
 D = Non-vault monster count
 E = Vault monster count
 F = Vault count percentage of total count
                 A         B        C        D         E       F
            +---------+---------+-------+---------+---------+-------
      Total |      13 |       3 |  18.8 |       8 |       2 |  20.0
            +---------+---------+-------+---------+---------+-------
        D:1 |      13 |       3 |  18.8 |       8 |       2 |  20.0
            +---------+---------+-------+---------+---------+-------
